 Dungeon Crawl Stone Soup version 0.26.0-10-g1f06aea511 (webtiles) character file.

Game seed: 1181161385521595789

38 MajorAdolf the Grave Robber (level 3, -2/31 HPs)
             Began as a Naga Wanderer on Jan 16, 2021.
             Slain by Sigmund
             ... wielding a +0 scythe
              (5 damage)
             ... on level 2 of the Dungeon.
             The game lasted 00:03:05 (1235 turns).

MajorAdolf the Grave Robber (Naga Wanderer)         Turns: 1235, Time: 00:03:05

Health: -2/31      AC:  4    Str: 14    XL:     3   Next: 43%
Magic:  6/6        EV:  6    Int: 14    God:
Gold:   71         SH:  0    Dex:  9    Spells: 6/6 levels left

rFire    . . .     SeeInvis +   b - +0 dagger
rCold    . . .     Faith    .   (no shield)
rNeg     . . .     Spirit   .   f - +0 scale mail
rPois    +         Reflect  .   (no helmet)
rElec    .         Harm     .   (no cloak)
rCorr    .         Rampage  .   (no gloves)
Will     .....                  (no barding)
Stlth    ..........             (no amulet)
HPRegen  0.10/turn              i - ring of poison resistance
MPRegen  0.10/turn              (no ring)

@: confused, brilliant, very slow
A: large, see invisible, deformed body, poison resistance, slowness 2, spit
poison 1, AC +1
a: Spit Poison


You were on level 2 of the Dungeon.
You visited 1 branch of the dungeon, and saw 2 of its levels.

You collected 71 gold pieces.

Inventory:

Hand Weapons
 a - a +0 club
 b - a +0 dagger (weapon)
Armour
 d - a +0 robe
 f - a +0 scale mail (worn)
Jewellery
 i - a ring of poison resistance (left hand)
 j - an uncursed amulet of faith {unknown}
Wands
 c - a wand of random effects (14) (quivered)
Scrolls
 e - a scroll of fear
Potions
 h - a potion of curing {unknown}
 k - a potion of heal wounds {unknown}


   Skills:
 + Level 1.6 Fighting
 + Level 1.2 Short Blades
 + Level 2.8 Stealth
 - Level 2.0 Spellcasting
 - Level 1.0 Hexes
 - Level 3.0 Necromancy
 - Level 2.6 Poison Magic
 - Level 2.0 Evocations


You had 6 spell levels left.
You didn't know any spells.
Your spell library contained the following spells:

 Spells                   Type           Power        Failure   Level
 Animate Skeleton         Necr           28%          30%         1
 Pain                     Necr           56%          30%         1
 Vampiric Draining        Necr           7%           67%         3
 Apportation              Tloc           4%           71%         1
 Gell's Gravitas          Tloc           1%           97%         3
 Animate Dead             Necr           7%           97%         4
 Agony                    Necr           14%          100%        5


Dungeon Overview and Level Annotations

Branches:
Dungeon (2/15)

Altars:

Annotations:
D:2 Sigmund


Innate Abilities, Weirdness & Mutations

You cannot wear boots.
Your serpentine skin is tough. (AC +1)
You have supernaturally acute eyesight. (SInv)
Armour fits poorly on your strangely shaped body.
Your system is resistant to poisons. (rPois)
You cover ground very slowly.
You can spit poison.


Message History

The magic dart hits you. Sigmund gestures at you while chanting.
You resist with some effort.
You have got your breath back.
Sigmund casts a spell at you.
You are confused.
Sigmund hits you from afar with a +0 scythe!
You bump into the rock wall.
You bump into the rock wall.
Sigmund gestures at you while chanting. The magic dart hits you!
You bump into the rock wall.
Sigmund hits you from afar with a +0 scythe!
* * * LOW HITPOINT WARNING * * *
Unknown command.
You are too confused!
It was a potion of brilliance.
You feel clever all of a sudden.
Sigmund hits you from afar with a +0 scythe.
You die...

#...# #..# #.. .... #>.#
#(.# #..# #..# ..# #...##
###..# .###### #...###
##....#
.##...###.#...#####.....#
^......## ###..@.##..#..#
#.....<.# ####.#...#..#
........#.## #@..#†####
#.......#..# #####.#
##..÷..###.# #.#
........##.# ####.#
........##.# #...(#
#........<.## ##.#####.
#...........####........#
..............†.........#
##....#.#...###.........#


You could see Sigmund.

Vanquished Creatures
  2 adders (D:2)
  A dart slug (D:1)
  5 bats (D:1)
  A giant cockroach (D:1)
  A goblin (D:1)
  A hobgoblin (D:1)
  2 jackals (D:1)
  3 frilled lizards
  4 rats (D:1)
20 creatures vanquished.

Notes
Turn   | Place    | Note
-------+----------+-------------------------------------------
     0 | D:1      | MajorAdolf the Naga Wanderer began the quest for the Orb.
     0 | D:1      | MajorAdolf set off with the following items: a +0 club, a
                  | wand of random effects (15), a +0 robe; and the following
                  | spells available to memorise: Animate Skeleton, Pain,
                  | Vampiric Draining, Apportation, Gell's Gravitas, Animate
                  | Dead, Agony
     0 | D:1      | Reached XP level 1. HP: 15/15 MP: 3/3
    26 | D:1      | Reached skill level 1 in Stealth
    82 | D:1      | Reached XP level 2. HP: 24/24 MP: 5/5
   248 | D:1      | Reached skill level 1 in Fighting
  1018 | D:2      | Reached skill level 1 in Short Blades
  1018 | D:2      | Reached XP level 3. HP: 17/31 MP: 6/6
  1222 | D:2      | Noticed Sigmund
  1235 | D:2      | Slain by Sigmund

Illustrated notes

Levels and vault maps discovered:
D:1:      eino_arrival_cavern_b, layout_basic
D:2:      layout_rooms, gammafunk_temple_overflow_statue, serial_aquarium,
          aquarium_bridge_square [aquarium_subvault_balcony,
          aquarium_subvault_wall, aquarium_subvault_window,
          aquarium_subvault_bridge], aquarium_window_1,
          aquarium_window_corridor_1, aquarium_window_fake, aquarium_view_2c,
          aquarium_view_2f, aquarium_balcony_5b, aquarium_pool_four, uniq_robin,
          uniq_sigmund

Skill      XL: |  1  2 |
---------------+-------+-----
Stealth        | 1 2 |  2.8
Fighting       | 1 |  1.6
Short Blades   | 1 |  1.2
Spellcasting   | |  2.0
Hexes          | |  1.0
Necromancy     | |  3.0
Poison Magic   | |  2.6
Evocations     | |  2.0

Action                   || total
-------------------------++-------
Melee: Dagger            ||    72
 Abil: Spit Poison       ||    12
Evoke: Wand              ||     1
  Use: Scroll            ||     2
       Potion            ||     1
 Stab: Sleeping          ||     1
Armor: Robe              ||     1
       Scale mail        ||    42
Dodge: Dodged            ||    32
